 Dungeon Crawl Stone Soup version 0.22.1-2-g9c5b331 (webtiles) character file.

2130 shakethe the Fighter (level 9, -1/63 HPs)
             Began as a Gargoyle Gladiator on Nov 19, 2018.
             Was a Priest of Okawaru.
             Slain by an orc warrior
             ... wielding a +0 dire flail
              (11 damage)
             ... on level 6 of the Dungeon.
             The game lasted 00:14:07 (6943 turns).

shakethe the Fighter (Gargoyle Gladiator)           Turns: 6943, Time: 00:14:08

Health: -1/63      AC: 17    Str: 17    XL:     9   Next: 30%
Magic:  0/0        EV: 10    Int: 20    God:    Okawaru [***...]
Gold:   174        SH:  4    Dex: 11    Spells: 8/8 levels left

rFire    . . .     SeeInvis +   a - +0 flail
rCold    + . .     Gourm    .   (no shield)
rNeg     + . .     Faith    .   j - +0 scale mail
rPois    ∞         Spirit   .   c - +0 helmet
rElec    +         Reflect  +   L - scarf {repulsion}
rCorr    .         Harm     .   t - +0 pair of gloves
MR       .....                  s - +2 pair of boots
Stlth    ..........             y - amulet "Nisid" {Reflect +Fly MP-9 Int+4 SH+4}
HPRegen  0.20/turn              u - ring of see invisible
MPRegen  0.07/turn              C - ring "Iducser" {rC+ Int+3}

@: repel missiles
A: negative energy resistance 1, electricity resistance, unbreathing,
petrification resistance, rot immunity, AC +6
a: Heroism, Renounce Religion, Evoke Flight


You were on level 6 of the Dungeon.
You worshipped Okawaru.
Okawaru was most pleased with you.
You were not hungry.

You visited 2 branches of the dungeon, and saw 8 of its levels.

You collected 398 gold pieces.
You spent 224 gold pieces at shops.

Inventory:

Hand Weapons
 a - a +0 flail (weapon)
 h - a +4 hunting sling
Missiles
 d - 2 throwing nets (quivered)
Armour
 b - a +0 leather armour
 c - a +0 helmet (worn)
 j - a +0 scale mail (worn)
 s - a +2 pair of boots (worn)
 t - a +0 pair of gloves (worn)
 x - a +0 cloak
 H - a +0 shield
 L - a scarf of repulsion (worn)
Jewellery
 r - a +2 amulet of reflection
 u - a ring of see invisible (left hand)
 y - the amulet "Nisid" (around neck) {Reflect +Fly MP-9 Int+4 SH+4}
   (You found it on level 4 of the Dungeon)

   [amulet of reflection]

   It shields you and reflects attacks.
   It affects your intelligence (+4).
   It affects your magic capacity (-9).
   It lets you fly.
   It affects your SH (+4).
 C - the ring "Iducser" (right hand) {rC+ Int+3}
   (You found it on level 5 of the Dungeon)

   [ring of protection from cold]

   It affects your intelligence (+3).
   It protects you from cold.
 D - a +3 ring of dexterity
Wands
 J - a wand of paralysis (14)
Scrolls
 e - 2 scrolls of identify
 g - 2 scrolls of blinking
 i - a scroll of magic mapping
 l - a scroll of fear
 m - 2 scrolls of remove curse
 n - a scroll of amnesia
 p - a scroll of acquirement {unknown}
 w - 2 scrolls of teleportation
 B - a scroll of random uselessness {unknown}
 G - a scroll of silence {unknown}
 K - a scroll of fog {unknown}
Potions
 k - 4 potions of heal wounds
 o - a potion of ambrosia {unknown}
 q - a potion of lignification {unknown}
 v - 2 potions of magic {unknown}
 z - 2 potions of agility {unknown}
 A - 2 potions of brilliance
 E - 4 potions of flight {unknown}
 F - a potion of mutation {unknown}
 I - a potion of curing {unknown}
Comestibles
 f - 11 rations


   Skills:
 + Level 10.4 Fighting
 * Level 8.1 Maces & Flails
 - Level 1.7 Throwing
 - Level 2.4 Dodging


You had 8 spell levels left.
You didn't know any spells.
Your spell library contained the following spells:

 Spells                   Type           Power        Failure   Level  Hunger
 Corona                   Hex            #......      56%         1    ##.....
 Ensorcelled Hibernation  Hex/Ice        #.....       71%         2    ###....
 Confuse                  Hex            #.......     91%         3    ####...
 Dazzling Spray           Conj/Hex       #.....       91%         3    ####...
 Tukima's Dance           Hex            #.......     91%         3    ####...


Dungeon Overview and Level Annotations

Branches:
Dungeon (7/15)             Temple (1/1) D:4

Altars:
Ashenzari
Cheibriados
Dithmenos
Elyvilon
Fedhas
Gozag
Hepliaklqana
Makhleb
Nemelex Xobeh
Okawaru
Qazlal
Ru
Sif Muna
Vehumet
Wu Jian
Xom
Yredelemnul
Zin
The Shining One

Shops:
D:6 *}


Innate Abilities, Weirdness & Mutations

You are resistant to torment.
Your stone body is resilient. (AC +6)
You are immune to poison.
You resist negative energy. (rN+)
You are resistant to electric shocks. (rElec)
You can survive without breathing.
You are immune to petrification.
You are immune to rotting.


Message History

The orc warrior is heavily wounded.
The orc warrior barely misses you.
You feel much better.
You hit the orc warrior but do no damage.
The orc warrior is heavily wounded.
The orc warrior hits you with a dire flail.
You thump the orc warrior!
The orc warrior is almost dead.
You block the orc warrior's attack.
You barely miss the orc warrior.
The orc warrior is almost dead.
The orc warrior hits you with a dire flail!
You hit the orc warrior but do no damage.
The orc warrior is almost dead.
The orc warrior hits you with a dire flail!
* * * LOW HITPOINT WARNING * * *
You barely miss the orc warrior.
The orc warrior is almost dead.
The orc warrior hits you with a dire flail!
You die...

### ### #######.# #.########
#....)..# #........#
#.#####.#########.######.### #.#
#...........# #....
#.##########################
######.........................#.
...........########.....######...
...........##ooo@......<.....#...
......#...###.#####.......#......
......#.......#.................∩
##....###.....#.....##......<....
....................##...........
...###..............######.....##
....................######.#.#...
............>.......#........#...
...>........#.......#........#...


You could see an orc warrior and 2 orcs.

Vanquished Creatures
  The ghost of zapotec the Spear-Bearer, a novice MfGl of Okawaru (D:4)
  Grinder (D:5)
  Duvessa (D:5)
  2 ice beasts (D:6)
  A sky beast (D:6)
  An ogre (D:5)
  A phantom (D:6)
  A bullfrog (D:6)
  A scorpion (D:5)
  Dowan (D:5)
  3 howler monkeys (D:6)
  3 crimson imps
  A bullfrog zombie (D:5)
  4 orc priests
  Crazy Yiuf (D:3)
  2 hounds (D:5)
  A centaur skeleton (D:5)
  3 iguanas
  Terence (D:2)
  2 orc wizards (D:4)
  3 worker ants
  A hound zombie (D:6)
  11 adders
  An ooze (D:3)
  2 worms
  2 dart slugs
  A leopard gecko (D:2)
  17 orcs
  3 ball pythons
  8 bats
  4 giant cockroaches
  4 goblins
  6 hobgoblins
  7 jackals
  9 quokkas
  12 frilled lizards
  4 kobolds
  8 rats
135 creatures vanquished.

Notes
Turn   | Place    | Note
-------+----------+-------------------------------------------
     0 | D:1      | shakethe the Gargoyle Gladiator began the quest for the
                  | Orb.
     0 | D:1      | Reached XP level 1. HP: 12/12 MP: 1/1
   188 | D:1      | Reached XP level 2. HP: 18/18 MP: 2/2
   236 | D:1      | Reached skill level 3 in Fighting
   486 | D:2      | Reached XP level 3. HP: 22/23 MP: 3/3
   853 | D:2      | Reached skill level 4 in Fighting
   853 | D:2      | Reached XP level 4. HP: 29/29 MP: 4/4
  1324 | D:3      | Noticed Terence
  1596 | D:2      | Killed Terence
  1637 | D:3      | Reached XP level 5. HP: 30/34 MP: 5/5
  1889 | D:3      | Found a runed door.
  1911 | D:3      | Found a white marble altar of Elyvilon.
  2058 | D:3      | Noticed Crazy Yiuf
  2069 | D:3      | Killed Crazy Yiuf
  2069 | D:3      | Reached skill level 5 in Fighting
  2465 | D:4      | Found a runed door.
  2471 | D:4      | Noticed zapotec's ghost (novice MfGl)
  2620 | D:4      | Reached XP level 6. HP: 39/41 MP: 6/6
  3032 | D:4      | Found a staircase to the Ecumenical Temple.
  3066 | Temple   | Entered the Ecumenical Temple
  3278 | Temple   | Became a worshipper of Warmaster Okawaru
  3299 | D:4      | Reached skill level 6 in Fighting
  3304 | D:4      | Got a shimmering steel amulet
  3306 | D:4      | Identified the amulet "Nisid" {Reflect +Fly MP-9 Int+4
                  | SH+4} (You found it on level 4 of the Dungeon)
  4083 | D:5      | Entered Level 5 of the Dungeon
  4112 | D:5      | Got a pitted bronze ring
  4113 | D:5      | Identified the ring "Iducser" {rC+ Int+3} (You found it on
                  | level 5 of the Dungeon)
  4121 | D:5      | Reached skill level 5 in Maces & Flails
  4121 | D:5      | Reached XP level 7. HP: 36/47 MP: 0/7
  4149 | D:5      | Reached skill level 7 in Fighting
  4264 | D:5      | Reached * piety under Okawaru
  4337 | D:5      | Noticed Grinder
  4409 | D:5      | Paralysed by Grinder for 2 turns
  4414 | D:5      | Killed Grinder
  4414 | D:5      | Reached skill level 8 in Fighting
  4638 | D:5      | Reached ** piety under Okawaru
  4638 | D:5      | Reached XP level 8. HP: 45/54 MP: 0/8
  4661 | D:5      | Noticed Dowan
  4662 | D:5      | Noticed Duvessa
  4666 | D:5      | Killed Dowan
  4693 | D:5      | Killed Duvessa
  5171 | D:5      | Reached skill level 9 in Fighting
  5337 | D:6      | Found an opulent altar of Gozag.
  5340 | D:6      | Found Gozag's Platinum Reserve.
  5430 | D:6      | Found Tidonuaw's Gadget Shop.
  5624 | D:6      | Reached skill level 10 in Fighting
  5953 | D:6      | Reached XP level 9. HP: 52/62 MP: 0/9
  6014 | D:6      | Bought a wand of paralysis (14) for 224 gold pieces
  6681 | D:4      | Killed zapotec's ghost
  6681 | D:4      | Reached *** piety under Okawaru
  6943 | D:6      | Slain by an orc warrior

Skill      XL: |  1  2  3  4  5  6  7  8  9 |
---------------+----------------------------+-----
Fighting       | 3 4 5 6 8 10 | 10.4
Maces & Flails | 4 5 7 8 |  8.1
Throwing       | |  1.7
Dodging        | |  2.4

Action                   |  1- 3 |  4- 6 |  7- 9 || total
-------------------------+-------+-------+-------++-------
Melee: Flail             |   121 |   270 |   360 ||   751
Throw: Throwing net      |       |       |     5 ||     5
  Use: Scroll            |       |     8 |     2 ||    10
       Potion            |       |       |     3 ||     3
  Eat: Chunk             |       |     7 |     7 ||    14
       Ration            |       |     1 |     1 ||     2
Armor: Leather armour    |    16 |       |       ||    16
       Scale mail        |    55 |   178 |   194 ||   427
Dodge: Dodged            |    99 |   178 |   155 ||   432
Block: Other             |       |    20 |    50 ||    70
